 Dungeon Crawl Stone Soup version 0.28-a0-932-g843f935a50 (webtiles) character file.

Game seed: 3914337780238718953

485 MacCMillion the Digger (level 7, -8/40 HPs)
             Began as a Gargoyle Earth Elementalist on Nov 27, 2021.
             Was a Believer of Vehumet.
             Mangled by an orc warrior (19 damage)
             ... on level 4 of the Dungeon.
             The game lasted 00:16:54 (6277 turns).

MacCMillion the Digger (GrEE)                       Turns: 6277, Time: 00:16:55

Health: -8/40      AC:  6    Str: 12    XL:     7   Next: 13%
Magic:  3/11       EV: 11    Int: 17    God:    Vehumet [**....]
Gold:   31         SH:  0    Dex: 10    Spells: 2/12 levels left

rFire   . . .      SeeInvis .   e - +0 whip
rCold   . . .      Faith    .   (no shield)
rNeg    + . .      Spirit   .   b - +0 robe
rPois   ∞          Reflect  .   (no helmet)
rElec   +          Harm     .   (no cloak)
rCorr   .          Rampage  .   (no gloves)
Will    .....                   (no boots)
Stlth   ++........              (no amulet)
HPRegen 0.13/turn               (no ring)
MPRegen 0.12/turn               (no ring)

@: no status effects
A: sickness immunity, AC +4, negative energy resistance 1, electricity
resistance, torment resistance 1, petrification resistance
a: Renounce Religion


You were on level 4 of the Dungeon.
You worshipped Vehumet.
Vehumet was pleased with you.
You visited 1 branch of the dungeon, and saw 4 of its levels.

You collected 31 gold pieces.

Inventory:

Hand Weapons
 e - a +0 whip (weapon)
 m - a +0 dagger
Missiles
 c - 49 stones
 o - 2 javelins
 p - 11 poisoned darts
 u - 2 silver boomerangs
Armour
 b - a +0 robe (worn)
 j - a +2 kite shield
Jewellery
 w - a +6 ring of intelligence
Scrolls
 d - a scroll of fog {unknown}
 f - 3 scrolls of enchant armour {unknown}
 g - a scroll of holy word {unknown}
 i - 3 scrolls of identify {unknown}
 k - a scroll of magic mapping {unknown}
 l - a scroll of blinking {unknown}
 n - a scroll of brand weapon {unknown}
 t - a scroll of silence {unknown}
 v - a scroll of summoning {unknown}
Potions
 a - a potion of berserk rage {unknown}
 h - 3 potions of cancellation {unknown}
 q - a potion of attraction {unknown}
 r - a potion of invisibility {unknown}
 s - 2 potions of heal wounds {unknown}
 x - a potion of mutation {unknown}


   Skills:
 + Level 2.5 Fighting
 + Level 2.2 Maces & Flails
 - Level 1.5 Dodging
 - Level 2.1 Stealth
 - Level 3.0 Spellcasting
 + Level 2.2 Conjurations
 - Level 2.0 Transmutations
 * Level 6.6 Earth Magic


You had 2 spell levels left.
You knew the following spells:

 Your Spells              Type           Power      Damage    Failure   Level
a - Sandblast             Erth           50%        2d12      1%          1
b - Passwall              Tmut/Erth      14%        N/A       4%          2
c - Stone Arrow           Conj/Erth      34%        3d9       9%          3
d - Petrify               Tmut/Erth      17%        N/A       30%         4

Your spell library contained the following spells:

 Spells                   Type           Power      Damage    Failure   Level
 Static Discharge         Conj/Air       6%         N/A       17%         2


Dungeon Overview and Level Annotations

Branches:
Dungeon (4/15)
 Temple: D:4-7

Altars:
Vehumet
Xom


Innate Abilities, Weirdness & Mutations

You are immune to sickness and miasma.
Your stone body is resilient. (AC +4)
You are immune to poison.
You resist negative energy. (rN+)
You are resistant to electric shocks. (rElec)
You are resistant to unholy torment.
You are immune to petrification.


Message History

The helpless orc warrior fails to defend itself.
You hit the orc warrior.
The orc warrior is heavily wounded.
The helpless orc warrior fails to defend itself.
You hit the orc warrior but do no damage.
The orc warrior is heavily wounded.
The helpless orc warrior fails to defend itself.
You hit the orc warrior but do no damage.
The orc warrior is heavily wounded.
The helpless orc warrior fails to defend itself.
You hit the orc warrior but do no damage.
The orc warrior is heavily wounded.
The helpless orc warrior fails to defend itself.
You hit the orc warrior but do no damage.
The orc warrior is heavily wounded.
The helpless orc warrior fails to defend itself.
You hit the orc warrior but do no damage.
The orc warrior is heavily wounded.
The helpless orc warrior fails to defend itself.
You hit the orc warrior.
The orc warrior is heavily wounded.
The helpless orc warrior fails to defend itself.
You hit the orc warrior but do no damage.
The orc warrior is heavily wounded.
The helpless orc warrior fails to defend itself.
You hit the orc warrior but do no damage.
The orc warrior is heavily wounded.
The orc wizard mumbles some strange words.
The orc wizard flickers and vanishes!
Deactivating autopickup; reactivate with Ctrl-A.
The helpless orc warrior fails to defend itself.
You hit the orc warrior but do no damage.
The orc warrior is heavily wounded.
The orc warrior is no longer petrified.
The orc warrior barely misses you.
The orc warrior hits you from afar with a +0 trident!
* * * LOW HITPOINT WARNING * * *
You see here a scorpion corpse.
There is a stone staircase leading up here.
The orc warrior hits you from afar with a +0 trident!!
You die...

## .. . . #. .##
#. ... #..#.#
####..#.#######
...............
.....#@#..
#.##..#†#.#
.......o#.#
#.#####.#.#
........#.#
##.###..o.###.##
#.....{o..#
#.(.####..#
#...# #


You could see an orc warrior and an orc.

Vanquished Creatures
  A scorpion (D:4)
  2 hounds (D:3)
  An orc priest (D:3)
  2 jellies (D:3)
  Natasha (thrice) (D:3)
  An orc wizard (D:3)
  3 gnolls
  3 adders (D:2)
  3 worms
  4 dart slugs
  4 orcs (D:3)
  3 ball pythons
  5 bats
  6 endoplasms
  3 giant cockroaches
  8 goblins
  17 hobgoblins
  An iguana (D:3)
  3 jackals
  7 quokkas
  5 frilled lizards
  9 kobolds
  7 rats
101 creatures vanquished.

Vanquished Creatures (others)
  53 plants (D:2)
53 creatures vanquished.

Grand Total: 154 creatures vanquished

Notes
Turn   | Place    | Note
-------+----------+-------------------------------------------
     0 | D:1      | MacCMillion the Gargoyle Earth Elementalist began the quest
                  | for the Orb.
     0 | D:1      | Reached XP level 1. HP: 10/10 MP: 3/3
   126 | D:1      | Reached skill level 1 in Transmutations
   471 | D:1      | Reached XP level 2. HP: 15/15 MP: 5/5
   837 | D:1      | Reached skill level 4 in Earth Magic
  1073 | D:1      | Reached XP level 3. HP: 18/19 MP: 4/6
  2391 | D:2      | Reached XP level 4. HP: 24/24 MP: 8/8
  2397 | D:2      | Found a faded altar of an unknown god.
  2420 | D:2      | Prayed at the altar of an unknown god.
  2420 | D:2      | Became a worshipper of Vehumet
  2420 | D:2      | Reached * piety under Vehumet
  2420 | D:2      | Offered knowledge of Foxfire by Vehumet.
  3275 | D:2      | Reached skill level 5 in Earth Magic
  3473 | D:2      | Reached XP level 5. HP: 28/28 MP: 7/9
  3594 | D:2      | Offered knowledge of Static Discharge by Vehumet.
  3923 | D:2      | Reached ** piety under Vehumet
  4170 | D:3      | Learned a level 2 spell: Passwall
  4174 | D:3      | Learned a level 3 spell: Stone Arrow
  4179 | D:3      | Learned a level 4 spell: Petrify
  4531 | D:3      | Reached skill level 1 in Fighting
  4914 | D:3      | Noticed Natasha
  4918 | D:3      | Killed Natasha
  4919 | D:3      | Reached skill level 1 in Maces & Flails
  5093 | D:3      | Reached skill level 1 in Conjurations
  5093 | D:3      | Reached XP level 6. HP: 35/35 MP: 2/10
  5201 | D:3      | Noticed Natasha
  5205 | D:3      | Killed Natasha
  5497 | D:3      | Reached skill level 6 in Earth Magic
  5922 | D:3      | Found a shimmering altar of Xom.
  6050 | D:3      | Noticed Natasha
  6054 | D:3      | Killed Natasha
  6233 | D:4      | Reached XP level 7. HP: 40/40 MP: 9/11
  6277 | D:4      | Mangled by an orc warrior

Illustrated notes

Levels and vault maps discovered:
D:1:      dpeg_arrival_morbid_curiosity, layout_loops_ring
D:2:      wad_woods_tower, layout_loops_ring, basic_ecumenical_altar
D:3:      layout_basic, dk_xom_monty_hall, cheibrodos_gnoll_hut, uniq_natasha
D:4:      layout_basic

Skill      XL: |  1  2  3  4  5  6 |
---------------+-------------------+-----
Transmutations | 1 2 |  2.0
Earth Magic    | 4 5 6 |  6.6
Spellcasting   | 3 |  3.0
Fighting       | 1 2 |  2.5
Maces & Flails | 1 2 |  2.2
Conjurations   | 1 2 |  2.2
Dodging        | |  1.5
Stealth        | |  2.1

Action                   |  1- 3 |  4- 6 |  7- 9 || total
-------------------------+-------+-------+-------++-------
Melee: Whip              |   132 |    64 |    12 ||   208
       Unarmed           |     1 |       |       ||     1
       Dagger            |     8 |   160 |       ||   168
Throw: Dart              |       |     1 |       ||     1
 Cast: Sandblast         |    17 |    68 |     1 ||    86
       Stone Arrow       |       |     1 |     2 ||     3
       Petrify           |       |       |     1 ||     1
 Stab: Sleeping          |     2 |     2 |       ||     4
       Distracted        |       |     1 |       ||     1
       Petrified         |       |       |    12 ||    12
Armor: Robe              |    49 |    81 |       ||   130
Dodge: Dodged            |    73 |   157 |     1 ||   231

Table legend: (Time is in decaauts)
 A = Elapsed time spent in this place.
 B = Non-inter-level travel time spent in this place.
 C = Inter-level travel time spent in this place.
 D = Time resting spent in this place.
 E = Time spent auto-exploring this place.
 F = Levels seen in this place.
 G = Mean time per level.
                   A        B        C        D        E       F      G
               +--------+--------+--------+--------+--------+-----+--------+
         Total |   6300 |   6041 |    259 |   1948 |   3032 |   4 | 1575.0 |
       Dungeon |   6300 |   6041 |    259 |   1948 |   3032 |   4 | 1575.0 |
               +--------+--------+--------+--------+--------+-----+--------+

Top non-repeatable levels by time:
     D:1: 2228 daAuts
     D:3: 2014 daAuts
     D:2: 2009 daAuts
     D:4: 47 daAuts
